 Dungeon Crawl Stone Soup version 0.28-a0-474-g535839065c (webtiles) character file.

Game seed: 2247070300998234167

259 frimble the Chucker (level 6, 0/39 HPs)
             Began as an Octopode Warper on Sept 16, 2021.
             Succumbed to a kobold's poison
             ... in a sewer.
             The game lasted 00:05:56 (3840 turns).

frimble the Chucker (Octopode Warper)               Turns: 3840, Time: 00:05:57

Health: 0/39       AC:  1    Str: 17    XL:     6   Next: 17%
Magic:  9/9        EV: 13    Int: 17    God:
Gold:   59         SH:  0    Dex: 11    Spells: 7/9 levels left

rFire   . . .      SeeInvis .   b - +2 hunting sling (flame)
rCold   + . .      Faith    .   (no shield)
rNeg    . . .      Spirit   .   (helmet restricted)
rPois   .          Reflect  .   (no amulet)
rElec   .          Harm     .   f - +6 ring of strength
rCorr   .          Rampage  .   i - ring of protection from cold
Will    .....                   (no ring)
Stlth   ++++......              (no ring)
HPRegen 0.13/turn               (no ring)
MPRegen 0.11/turn               (no ring)
                                (no ring)
                                (no ring)

@: lethally poisoned (0 -> -6)
A: almost no armour, amphibious, 8 rings, camouflage 1, gelatinous body 1,
nimble swimmer 1, tentacles
a: no special abilities


You were in a sewer.
You visited 1 branch of the dungeon, and saw 4 of its levels.
You also visited: Sewer.

You collected 59 gold pieces.

Inventory:

Hand Weapons
 a - a +0 short sword
 b - a +2 hunting sling of flaming (weapon)
Missiles
 c - 5 boomerangs of dispersal
 k - 6 stones (quivered ammo)
Jewellery
 f - a +6 ring of strength (left tentacle)
 g - a ring of flight
 i - a ring of protection from cold (right tentacle)
Scrolls
 h - a scroll of magic mapping
Potions
 d - a potion of attraction


   Skills:
 - Level 2.0 Fighting
 - Level 3.5 Short Blades
 + Level 4.2 Throwing
 - Level 2.3 Dodging
 - Level 4.0 Stealth
 - Level 2.0 Spellcasting
 - Level 3.0 Translocations


You had 7 spell levels left.
You knew the following spells:

 Your Spells              Type           Power      Damage    Failure   Level
a - Blink                 Tloc           N/A        N/A       9%          2

Your spell library contained the following spells:

 Spells                   Type           Power      Damage    Failure   Level
 Gell's Gravitas          Tloc           5%         N/A       17%         3
 Lesser Beckoning         Tloc           11%        N/A       17%         3
 Teleport Other           Tloc           11%        N/A       17%         3
 Animate Skeleton         Necr           2%         N/A       19%         1
 Freeze                   Ice            4%         1d3       19%         1
 Pain                     Necr           4%         1d4       19%         1
 Frozen Ramparts          Ice            2%         1d2       50%         3
 Vampiric Draining        Necr           0%         2d6       50%         3
 Manifold Assault         Tloc           11%        N/A       83%         5
 Hailstorm                Conj/Ice       1%         3d3       88%         4


Dungeon Overview and Level Annotations

Branches:
Dungeon (4/15)              Sewer (1/1)
 Temple: D:4-7

Altars:

Shops:
D:1 :


Innate Abilities, Weirdness & Mutations

You cannot wear most types of armour.
You are amphibious.
You can wear up to eight rings at the same time.
Your skin changes colour to match your surroundings (Stealth+).
Your rubbery body absorbs attacks. (AC +1, EV +1)
You are camouflaged near water. (Stealth+)
You have tentacles for arms and can constrict up to eight enemies at once.


Message History

You feel very sick.
You see here a frilled lizard skeleton.
You feel sick.
You feel sick.
The kobold brigand hits you with a +0 whip!
You feel sick.
Okay, then.
You feel sick.
The kobold hits the plant with a +0 dagger.
The plant begins to die.
The kobold brigand hits you with a +0 whip!
* * * LOW HITPOINT WARNING * * *
You feel sick.
You are no longer poisoned.
The kobold hits the plant with a +0 dagger.
The plant begins to die.
A nearby plant withers and dies.
The kobold hits the plant with a +0 dagger.
The kobold brigand throws a curare-tipped dart.
The curare-tipped dart closely misses you.
Something hits the plant.
The plant begins to die.
Something hits the plant.
The kobold hits you with a +0 whip.
* * * LOW HITPOINT WARNING * * *
The kobold brigand throws a curare-tipped dart.
The curare-tipped dart misses you. The kobold barely misses you.
You feel yourself speed up.
The kobold throws a poisoned dart.
The poisoned dart misses you.
Things that are here:
a +0 short sword; a kobold corpse The kobold throws a poisoned dart.
The poisoned dart hits you!
You are lethally poisoned!
It was a potion of cancellation.
You feel magically purged.
* * * LOW HITPOINT WARNING * * *
You feel sick.
The kobold unwields a +0 dagger.
The kobold wields a +0 hand crossbow.
The kobold shoots a bolt.
The bolt misses you.
* * * LOW HITPOINT WARNING * * *
You feel sick.
The kobold throws a poisoned dart.
The poisoned dart closely misses you.
You die...

#.K∩!#≈≈≈#.∩..#
#(!(.#≈≈≈#..).#
#(!..#≈≈≈#...)#
###('##≈≈≈##''##
###.(...#≈≈≈#....#
#.......#≈≈≈#≈...###
#.....(.#≈≈≈(≈≈....#
#.......#≈≈≈≈)≈...##
#......@#≈≈≈#≈≈...##
#.....≈≈#≈K≈#≈≈....#
##....≈≈≈#≈≈≈#(.....#
#....(.≈)K(≈≈#......#
#......≈≈≈≈≈≈#...P..#
##......≈K≈≈≈#......#
##.....≈#K≈≈#.....##
##...P≈≈#≈K≈#.....#
##.....≈≈#≈≈≈#.....#


You could see 2 kobold brigands and 2 kobolds.

Vanquished Creatures
  2 kobold brigands (Sewer)
  3 adders
  A river rat (D:4)
  An adder skeleton (D:4)
  2 worms
  A dart slug (D:1)
  2 orcs
  4 bats
  10 endoplasms
  3 giant cockroaches (D:4)
  A goblin (D:4)
  6 hobgoblins
  2 jackals (D:2)
  8 kobolds
  2 quokkas (D:1)
  11 ball pythons
  6 frilled lizards
  7 rats
72 creatures vanquished.

Vanquished Creatures (others)
  13 plants (Sewer)
13 creatures vanquished.

Grand Total: 85 creatures vanquished

Notes
Turn   | Place    | Note
-------+----------+-------------------------------------------
     0 | D:1      | frimble the Octopode Warper began the quest for the Orb.
     0 | D:1      | Reached XP level 1. HP: 14/14 MP: 3/3
    56 | D:1      | Reached skill level 1 in Stealth
   264 | D:1      | Reached XP level 2. HP: 19/19 MP: 5/5
   793 | D:1      | Found Vizuipn's Book Shoppe.
   816 | D:1      | Reached XP level 3. HP: 24/24 MP: 6/6
   986 | D:1      | Found a faded altar of an unknown god.
  2042 | D:3      | Learned a level 2 spell: Blink
  2384 | D:3      | Reached XP level 4. HP: 29/29 MP: 7/7
  3266 | D:4      | Found a glowing drain.
  3280 | Sewer    | Entered a sewer
  3450 | Sewer    | Noticed a kobold brigand
  3450 | Sewer    | Noticed a kobold brigand
  3494 | Sewer    | Reached XP level 5. HP: 31/34 MP: 8/8
  3553 | Sewer    | Noticed a kobold brigand
  3565 | Sewer    | Killed a kobold brigand
  3787 | Sewer    | Noticed a kobold brigand
  3807 | Sewer    | Killed a kobold brigand
  3808 | Sewer    | Reached XP level 6. HP: 33/39 MP: 9/9
  3839 | Sewer    | HP: 1/39 [poisoned by a kobold]
  3840 | Sewer    | Succumbed to a kobold's poison

Illustrated notes

Levels and vault maps discovered:
D:1:      dpeg_arrival_tiny_c, layout_basic, serial_shops, shop,
          chequers_ecumenical_altar_simple_redux, minmay_tree_intersection,
          st_stairs_11, grunt_decor_junction
D:2:      layout_basic
D:3:      layout_loops_corners
D:4:      layout_basic, gup_sewer_entry_bubbles
Sewer:    kennysheep_pipe_town

Skill      XL: |  1  2  3  4  5 |
---------------+----------------+-----
Stealth        | 1 2 3 4 |  4.0
Short Blades   | 3 |  3.5
Throwing       | 2 4 |  4.2
Fighting       | |  2.0
Dodging        | |  2.3
Spellcasting   | |  2.0
Translocations | |  3.0

Action                   |  1- 3 |  4- 6 || total
-------------------------+-------+-------++-------
Melee: Short sword       |    95 |     8 ||   103
       Tentacles         |    20 |     4 ||    24
       Constrict         |    23 |     3 ||    26
 Fire: Hunting sling     |       |    67 ||    67
 Cast: Blink             |       |     5 ||     5
  Use: Scroll            |     1 |     4 ||     5
       Potion            |     1 |     3 ||     4
 Stab: Sleeping          |     8 |       ||     8
Armor: Skin              |     5 |     2 ||     7
Dodge: Dodged            |    57 |    36 ||    93

Table legend: (Time is in decaauts)
 A = Elapsed time spent in this place.
 B = Non-inter-level travel time spent in this place.
 C = Inter-level travel time spent in this place.
 D = Time resting spent in this place.
 E = Time spent auto-exploring this place.
 F = Levels seen in this place.
 G = Mean time per level.
                   A        B        C        D        E       F      G
               +--------+--------+--------+--------+--------+-----+--------+
         Total |   3856 |   3624 |    232 |    219 |   2810 |   5 |  771.2 |
       Dungeon |   3278 |   3046 |    232 |    219 |   2420 |   4 |  819.5 |
         Sewer |    577 |    577 |      0 |      0 |    390 |   1 |  577.0 |
               +--------+--------+--------+--------+--------+-----+--------+

Top non-repeatable levels by time:
     D:3: 1300 daAuts
     D:1: 1230 daAuts
     D:2: 584 daAuts
   Sewer: 577 daAuts
     D:4: 163 daAuts
